 Dungeon Crawl Stone Soup version 0.31.0-9-g3a7656b989 (webtiles) character file.

Game seed: 16183136403549071861

457 qw the Shooter (level 6, -3/30 HPs)
             Began as a Spriggan Hunter on Feb 2, 2024.
             Killed from afar by an orc wizard (6 damage)
             ... with a puff of flame
             ... on level 3 of the Dungeon.
             The game lasted 00:00:13 (2457 turns).

qw the Shooter (Spriggan Hunter)                    Turns: 2457, Time: 00:00:13

Health: -3/30      AC:  3    Str:  7    XL:     6   Next: 77%
Magic:  7/7        EV: 21    Int: 10    God:
Gold:   105        SH:  0    Dex: 21    Spells: 5/5 levels left

rFire   . . .        d - +1 orcbow (heavy)
rCold   + . .        (shield currently unavailable)
rNeg    . . .        c - +1 robe
rPois   .            (helmet restricted)
rElec   .            (no cloak)
rCorr   .            (gloves unavailable)
SInv    +            (boots unavailable)
Will    +....        (no amulet)
Stlth   ++           h - ring of protection from cold
HPRegen 0.25/turn    (no ring)
MPRegen 0.10/turn

%: no passive effects
@: very quick
A: very small, no large weapons, unfitting armour, see invisible, speed 3
a: no special abilities


You were on level 3 of the Dungeon.
You visited 1 branch of the dungeon, and saw 3 of its levels.

You collected 105 gold pieces.


Innate Abilities, Weirdness & Mutations

You are very small and have problems with some larger weapons.
You are too small for most types of armour.
You have supernaturally acute eyesight. (SInv)
You cover ground extremely quickly. (Speed+++)


   Skills:
 - Level 2.1 Fighting
 + Level 6.8 Ranged Weapons
 - Level 6.0 Dodging
 - Level 1.5 Stealth


You had 5 spell levels left.
You didn't know any spells.
Your spell library was empty.

Inventory:

Hand Weapons
 d - a +1 heavy orcbow (weapon)
Armour
 c - a +1 robe (worn)
Jewellery
 h - a ring of protection from cold (left hand)
Wands
 a - a wand of flame (20)
Scrolls
 b - 2 scrolls of enchant armour
Potions
 e - a potion of might {unknown}
 f - a potion of curing
 g - a potion of attraction {unknown}

Dungeon Overview and Level Annotations

Branches:
Dungeon (3/15)

Altars:
Gozag

Annotations:
D:3 exclusion: orc


Message History

You kill the gnoll!
You hear a splash.
You hear a bark!
A gnoll comes into view.
It is wielding a +0 whip and quivering a throwing net.
You shoot an arrow. The gnoll shouts!
The arrow hits the orc wizard.
The orc wizard is lightly wounded.
You shoot an arrow. The arrow barely misses the orc wizard.
The gnoll throws a throwing net.
The throwing net hits you.
You become entangled in the net!
You struggle against the net.
You struggle against the net.
You shred the net and break free!
The orc wizard gestures at you while chanting.
The puff of flame misses you.
You shoot an arrow. The arrow hits the orc!
You kill the orc!
You shoot an arrow. The arrow closely misses the orc.
The arrow hits the gnoll!
The gnoll is severely wounded.
The orc hits you with a +0 whip. The jackal completely misses you.
You shoot an arrow. The arrow hits the jackal.
The jackal is lightly wounded.
You are engulfed in a cloud of scalding steam.
Ouch! That really hurt!
The jackal closely misses you.
The orc is engulfed in a cloud of scalding steam.
The orc completely misses you. The jackal closely misses you.
The orc is engulfed in a cloud of scalding steam.
The orc dies!
You shoot an arrow. The arrow hits the jackal!!
You kill the jackal!
The gnoll barely misses you.
You shoot an arrow. The arrow hits the gnoll.
You kill the gnoll!
The orc wizard points at you and mumbles some strange words.
The puff of flame misses you.
The orc wizard gestures at you while chanting.
The puff of flame hits you.
You die...

#...## #.....###.## #..#..
#.#..###.###.....# ##.#..
#.##...<.# ##)##.# #....
##....##### #(#########...
#..##.# ##.###.......#[
####..##.# #..##..#######.
#.....##.# #.....########.
####.....##.#######..######......
...............)@).............P.
~~~~~~~~~~....~~¤~~~~~~~~~~~~~~~~
~~~)~~~~~~....~¤¤~~~~~~~~~~~~~~~~
~$~~~~~~~~....~o~~~~~~~~~~#####~~
..........................#.g.#~~
##########''''#############...#~~
#.).)# #'###~~ '..).' #.#.~~~
#.~~~


You could see an orc wizard.

Vanquished Creatures
  A gnoll sergeant (D:3)
  2 howler monkeys (D:3)
  2 hounds (D:3)
  A gnoll bouda (D:3)
  Terence (D:2)
  Jessica (D:2)
  8 gnolls
  An adder (D:3)
  2 dart slugs
  A ribbon worm (D:2)
  11 orcs (D:3)
  10 ball pythons
  3 bats
  6 endoplasms
  2 giant cockroaches (D:2)
  3 goblins
  6 hobgoblins
  9 jackals (D:3)
  4 quokkas
  4 frilled lizards
  6 kobolds
  5 rats
89 creatures vanquished.

Vanquished Creatures (others)
  An orc (D:3)
1 creature vanquished.

Grand Total: 90 creatures vanquished

Notes
Turn   | Place    | Note
-------+----------+-------------------------------------------
     0 | D:1      | qw the Spriggan Hunter began the quest for the Orb.
     0 | D:1      | Reached XP level 1. HP: 10/10 MP: 2/2
     0 | D:1      | 0 ||| qw: Version: 0.3-a-155-g5e7d8dd
     0 | D:1      | 0 ||| qw: Game counter: 2166
     0 | D:1      | 0 ||| qw: Melee chars always use a shield: true
     0 | D:1      | 0 ||| qw: God list: Okawaru
     0 | D:1      | 0 ||| qw: Allow faded altars: false
     0 | D:1      | 0 ||| qw: Do Orc after clearing Dungeon:15 true
     0 | D:1      | 0 ||| qw: Do second Lair branch before Depths: true
     0 | D:1      | 0 ||| qw: Lair rune preference: random
     0 | D:1      | 0 ||| qw: Goals: Normal
     0 | D:1      | 0 ||| PLANNING D:1-11
    70 | D:1      | Reached skill level 3 in Dodging
   132 | D:1      | Reached XP level 2. HP: 14/14 MP: 3/3
   766 | D:1      | Reached XP level 3. HP: 18/18 MP: 4/4
   932 | D:1      | 932 ||| READING 2 scrolls labelled CAUDWA ESICI.
   932 | D:1      | 932 ||| IDENTIFYING bubbling dark potion
   933 | D:1      | 933 ||| READING scroll of identify.
   933 | D:1      | 933 ||| IDENTIFYING scroll labelled VAOTHR GUEGES
   934 | D:1      | 934 ||| READING scroll labelled ZIMMO GOHON.
   934 | D:1      | Identified a scroll of acquirement
   934 | D:1      | 934 ||| ACQUIRING +1 heavy orcbow
   934 | D:1      | Acquired a +1 heavy orcbow
   936 | D:1      | 936 ||| SWAPPING to +1 heavy orcbow.
   937 | D:1      | 937 ||| DROPPING +0 shortbow.
   938 | D:1      | 938 ||| DROPPING scroll of butterflies.
  1256 | D:2      | Noticed Terence
  1260 | D:2      | Killed Terence
  1261 | D:2      | Reached XP level 4. HP: 22/22 MP: 5/5
  1433 | D:2      | Noticed Jessica
  1436 | D:2      | Killed Jessica
  1557 | D:2      | 1557 ||| READING 2 scrolls of identify.
  1557 | D:2      | 1557 ||| IDENTIFYING scroll labelled XOCRIM RONUP
  1558 | D:2      | 1558 ||| READING scroll of identify.
  1558 | D:2      | 1558 ||| IDENTIFYING scroll labelled TELUYW MANOCK
  1559 | D:2      | 1559 ||| DROPPING scroll of vulnerability.
  1560 | D:2      | 1560 ||| DROPPING scroll of immolation.
  1586 | D:3      | 1586 ||| STAIRDANCE
  1619 | D:3      | 1619 ||| STAIRDANCE
  1666 | D:3      | Found an opulent altar of Gozag.
  1730 | D:3      | Reached XP level 5. HP: 25/25 MP: 6/6
  1841 | D:3      | Reached skill level 6 in Ranged Weapons
  1841 | D:3      | Reached XP level 6. HP: 30/30 MP: 7/7
  1863 | D:3      | Reached skill level 6 in Dodging
  1982 | D:3      | HP: 2/30 [gnoll sergeant/+2 heavy spear (12)]
  1983 | D:3      | 1983 ||| READING scroll of teleportation.
  1986 | D:3      | 1986 ||| FLEEEEING.
  1989 | D:3      | 1989 ||| FLEEEEING.
  1990 | D:3      | 1990 ||| FLEEEEING.
  1991 | D:3      | 1991 ||| FLEEEEING.
  1992 | D:3      | 1992 ||| FLEEEEING.
  1993 | D:3      | 1993 ||| FLEEEEING.
  1994 | D:3      | 1994 ||| FLEEEEING.
  1995 | D:3      | 1995 ||| FLEEEEING.
  1996 | D:3      | 1996 ||| FLEEEEING.
  1997 | D:3      | 1997 ||| FLEEEEING.
  1998 | D:3      | 1998 ||| FLEEEEING.
  1999 | D:3      | 1999 ||| STAIRDANCE
  2094 | D:2      | 2094 ||| READING 3 scrolls labelled FUCLOXZYQE.
  2094 | D:2      | 2094 ||| ENCHANTING +0 robe.
  2227 | D:3      | 2227 ||| READING scroll of acquirement.
  2227 | D:3      | 2227 ||| ACQUIRING ring of protection from cold
  2227 | D:3      | Acquired a ring of protection from cold
  2229 | D:3      | 2229 ||| UPGRADING to ring of protection from cold.
  2455 | D:3      | HP: 1/30 [orc wizard] (18)]
  2457 | D:3      | Killed from afar by an orc wizard

Levels and vault maps discovered:
D:1:      dpeg_arrival_round_a, layout_basic, grunt_decor_mini_mirrors
D:2:      layout_loops_cross, patterned_corridor, uniq_terence, uniq_jessica
D:3:      lemuel_castle_with_subvaults [lemuel_castle_interior_original],
          layout_rooms, nicolae_gozag_cash_rules_everything_around_me

Skill      XL: |  1  2  3  4  5  6 |
---------------+-------------------+-----
Dodging        | 4 5 6 |  6.0
Ranged Weapons | 5 6 |  6.8
Fighting       | 2 |  2.1
Stealth        | |  1.5

Action                     |  1- 3 |  4- 6 || total
---------------------------+-------+-------++-------
   Fire: Shortbow          |    47 |       ||    47
         Orcbow            |    32 |   120 ||   152
    Use: Scroll            |     3 |     5 ||     8
 Armour: Robe              |       |    19 ||    19
  Dodge: Dodged            |    16 |    82 ||    98

Table legend:
 A = Non-vault XP
 B = Vault XP
 C = Vault XP percentage of total XP
 D = Non-vault monster count
 E = Vault monster count
 F = Vault count percentage of total count
                 A         B        C        D         E       F
            +---------+---------+-------+---------+---------+-------
      Total |     123 |     545 |  81.6 |      55 |      34 |  38.2
            +---------+---------+-------+---------+---------+-------
        D:1 |      46 |       0 |   0.0 |      21 |       0 |   0.0
        D:2 |      38 |      75 |  66.4 |      20 |       2 |   9.1
        D:3 |      39 |     470 |  92.3 |      14 |      32 |  69.6
            +---------+---------+-------+---------+---------+-------
